 Dungeon Crawl Stone Soup version 0.19.1-1-g22dce08 (webtiles) character file.

476 nikopol the Skirmisher (level 7, 0/66 HPs)
             Began as a Gargoyle Berserker on Jan 9, 2017.
             Was a Believer of Trog.
             Slain by a hippogriff (3 damage)
             ... on level 5 of the Dungeon.
             The game lasted 00:06:55 (3297 turns).

nikopol the Skirmisher (Gargoyle Berserker)         Turns: 3297, Time: 00:06:56

Health: 0/66       AC: 12    Str: 25    XL:     7   Next: 10%
Magic:  7/7        EV: 11    Int:  8    God:    Trog [**....]
Gold:   248        SH:  0    Dex: 11    Spells: 0 memorised, 6 levels left

rFire  . . .     SeeInvis .     B - +0 hand axe (curse)
rCold  . . .     Gourm    .     z - +0 scale mail
rNeg   + . .     Faith    .     (no shield)
rPois  ∞         Spirit   .     (no helmet)
rElec  +         Reflect  .     (no cloak)
rCorr  .         Harm     .     (no gloves)
MR     .....                    (no boots)
Stlth  ..........               (no amulet)
                                (no ring)
                                (no ring)

@: berserking, very quick
A: negative energy resistance 1, electricity resistance, unbreathing,
petrification resistance, rot immunity, AC +4
a: Berserk, Trog's Hand, Burn Spellbooks, Renounce Religion


You were on level 5 of the Dungeon.
You worshipped Trog.
Trog was pleased with you.
You were near starving.

You visited 1 branch of the dungeon, and saw 5 of its levels.

You collected 248 gold pieces.

Inventory:

Hand Weapons
 a - a +0 hand axe
 B - a cursed +0 hand axe (weapon)
Armour
 b - a +0 animal skin
 f - a +0 ring mail
 z - a +0 scale mail (worn)
Jewellery
 v - a +5 ring of intelligence {unknown}
Scrolls
 d - 2 scrolls of enchant armour {unknown}
 e - 5 scrolls of identify {unknown}
 h - 3 scrolls of amnesia {unknown}
 i - 2 scrolls of fear {unknown}
 l - 2 scrolls of immolation {unknown}
 o - 3 scrolls of remove curse {unknown}
 u - 2 scrolls of random uselessness {unknown}
 x - a scroll of enchant weapon {unknown}
 y - 2 scrolls of teleportation {unknown}
Potions
 g - a potion of berserk rage {unknown}
 j - 3 potions of might {unknown}
 k - a potion of haste {unknown}
 m - a potion of magic {unknown}
 n - a potion of degeneration {unknown}
 p - 2 potions of heal wounds {unknown}
 q - a potion of agility {unknown}
 t - 4 potions of curing {unknown}
 C - a potion of lignification {unknown}
 D - a potion of brilliance {unknown}
Books
 s - a book of Misfortune

   Spells                             Type                      Level
   a - Confusing Touch                Hexes                        1
   b - Confuse                        Hexes                        3
   c - Gell's Gravitas                Hexes/Translocation          3
   d - Petrify                        Transmutation/Earth          4
   e - Metabolic Englaciation         Hexes/Ice                    5
   f - Yara's Violent Unravelling     Hexes/Transmutation          5
   Trog disapproves of the use of such an item.
Comestibles
 c - 2 bread rations
 w - 2 fruits
 A - a beef jerky


   Skills:
 + Level 5.2 Fighting
 + Level 4.0 Axes
 + Level 4.5 Armour
 + Level 3.2 Dodging


You had 6 spell levels left.
You didn't know any spells.

Dungeon Overview and Level Annotations

Branches:
Dungeon (5/15)
 Temple: D:4-7

Altars:


Innate Abilities, Weirdness & Mutations

You are resistant to torment.
Your stone body is resilient. (AC +4)
You are immune to poison.
You resist negative energy. (rN+)
You are resistant to electric shocks. (rElec)
You can survive without breathing.
You are immune to petrification.
You are immune to rotting.


Message History

You are too injured to fight recklessly!
You are too injured to fight recklessly!
You are too injured to fight recklessly!
You hit the hippogriff.
The hippogriff is almost dead.
The hippogriff bites you but does no damage.
The hippogriff pecks you but does no damage.
The hippogriff barely misses you.
A red film seems to cover your vision as you go berserk!
You feel yourself moving faster!
You feel mighty!
You are near starving!
The hippogriff closely misses you. The hippogriff pecks you.
* * * LOW HITPOINT WARNING * * *
The hippogriff closely misses you.
You barely miss the hippogriff.
The hippogriff is almost dead.
The hippogriff bites you.
* * * LOW HITPOINT WARNING * * *
The hippogriff pecks you.
You die...

... ...... . ...... ..
#...>. #. #+# #####.....
##..####.#####......####
#.........#..#......#...
#.........#..#......#...
#.....H@..#..'......+...
###+####'#####......#...
...................#...
...................#...
...................'...
...................####
####+###+###+###'#....#
........#....+
........#....#


You could see a hippogriff.

Vanquished Creatures
  Sigmund (D:3)
  A scorpion (D:5)
  2 howler monkeys (D:4)
  2 hounds
  3 gnolls (D:3)
  2 adders
  2 oozes
  2 worms (D:2)
  4 dart slugs
  3 leopard geckos
  An orc (D:3)
  2 giant cockroaches (D:1)
  6 goblins
  8 hobgoblins
  4 jackals (D:3)
  8 kobolds
  3 quokkas
  3 ball pythons
  4 bats
  A frilled lizard (D:1)
  A jackal skeleton (D:5)
  5 rats
68 creatures vanquished.

Notes
Turn   | Place    | Note
-------+----------+-------------------------------------------
     0 | D:1      | nikopol the Gargoyle Berserker began the quest for the Orb.
     0 | D:1      | Reached XP level 1. HP: 14/14 MP: 1/1
    84 | D:1      | Reached XP level 2. HP: 19/19 MP: 2/2
   871 | D:2      | Reached XP level 3. HP: 24/24 MP: 3/3
  1674 | D:3      | Noticed Sigmund
  1682 | D:3      | Killed Sigmund
  1682 | D:3      | Reached skill level 4 in Fighting
  1682 | D:3      | Reached XP level 4. HP: 28/30 MP: 4/4
  1682 | D:3      | Reached XP level 5. HP: 31/34 MP: 5/5
  1827 | D:3      | Reached ** piety under Trog
  1881 | D:3      | Reached XP level 6. HP: 10/40 MP: 6/6
  2616 | D:4      | Reached skill level 5 in Fighting
  3166 | D:5      | Entered Level 5 of the Dungeon
  3216 | D:5      | Reached XP level 7. HP: 35/44 MP: 7/7
  3275 | D:5      | Noticed a hippogriff
  3297 | D:5      | HP: 3/66 [hippogriff (6)]
  3297 | D:5      | Slain by a hippogriff

Skill      XL: |  1  2  3  4  5  6 |
---------------+-------------------+-----
Axes           | 3 4 |  4.0
Fighting       | 4 5 |  5.2
Armour         | 3 4 |  4.5
Dodging        | 2 3 |  3.2

Action                   |  1- 3 |  4- 6 |  7- 9 || total
-------------------------+-------+-------+-------++-------
Melee: Hand axe          |   107 |   156 |    20 ||   283
Invok: Berserk           |     2 |     1 |     1 ||     4
  Eat: Chunk             |     3 |     7 |       ||    10
Armor: Ring mail         |    36 |    44 |       ||    80
       Scale mail        |       |    27 |    27 ||    54
Dodge: Dodged            |    58 |   100 |    24 ||   182
